 Dungeon Crawl Stone Soup version 0.24.1-8-ga250c9d538 (webtiles) character file.

Game seed: 6281080063947040284, levelgen mode: deterministic

1447 Peloso the Slasher (level 8, -7/62 HPs)
             Began as a Demonspawn Fighter on May 9, 2020.
             Mangled by an orc warrior
             ... wielding a +0 battleaxe
              (11 damage)
             ... on level 6 of the Dungeon.
             The game lasted 00:13:37 (5128 turns).

Peloso the Slasher (Demonspawn Fighter)             Turns: 5128, Time: 00:13:37

Health: -7/62      AC: 15    Str: 25    XL:     8   Next: 46%
Magic:  0/8        EV:  7    Int:  9    God:
Gold:   263        SH: 10    Dex: 12    Spells: 7/7 levels left

rFire    + . .     SeeInvis .   a - +0 long sword
rCold    . . .     Gourm    .   c - +0 shield
rNeg     . . .     Faith    +   g - +0 chain mail
rPois    .         Spirit   +   w - +1 helmet
rElec    .         Reflect  .   q - +1 cloak {+Inv}
rCorr    .         Harm     .   (no gloves)
MR       .....                  (no boots)
Stlth    ..........             t - amulet of faith
HPRegen  0.20/turn              h - +5 ring of strength
MPRegen  0.11/turn              (no ring)

@: no status effects
A: thin metallic scales 1, fire resistance 1, magic shield, flame cloud immunity
a: Evoke Invisibility


You were on level 6 of the Dungeon.
You were near starving.

You visited 1 branch of the dungeon, and saw 6 of its levels.

You collected 319 gold pieces.
You spent 56 gold pieces at shops.

Inventory:

Hand Weapons
 a - a +0 long sword (weapon)
 b - a +2 dagger of protection
Armour
 c - a +0 shield (worn)
 g - a +0 chain mail (worn)
 i - a +0 scale mail
 q - a +1 cloak of invisibility (worn)
 w - a +1 helmet (worn)
Jewellery
 h - a +5 ring of strength (left hand)
 r - a +4 amulet of reflection
 t - an amulet of faith (around neck)
Wands
 x - a wand of iceblast (10)
Scrolls
 j - 4 scrolls of remove curse
 k - 2 scrolls of fog
 l - 2 scrolls of random uselessness {unknown}
 m - 2 scrolls of enchant armour {unknown}
 n - 3 scrolls of magic mapping {unknown}
 o - 4 scrolls of teleportation
 u - a scroll of noise
 y - a scroll of identify
Potions
 d - a potion of might
 e - a potion of brilliance
 p - 2 potions of curing
 s - a potion of mutation
Comestibles
 f - 12 rations


   Skills:
 + Level 5.1 Fighting
 + Level 6.4 Long Blades
 + Level 4.2 Armour
 + Level 2.3 Dodging
 + Level 0.2 Stealth
 + Level 5.2 Shields


You had 7 spell levels left.
You didn't know any spells.
Your spell library contained the following spells:

 Spells                   Type           Power        Failure   Level  Hunger
 Magic Dart               Conj           #...         100%        1    ##.....
 Blink                    Tloc           N/A          100%        2    ###....
 Call Imp                 Summ           #.......     100%        2    ###....
 Slow                     Hex            #.......     100%        2    ###....
 Conjure Flame            Conj/Fire      #.......     100%        3    ####...
 Mephitic Cloud           Conj/Pois/Air  #.......     100%        3    ####...


Dungeon Overview and Level Annotations

Branches:
Dungeon (6/15)
 Temple: D:4-7

Altars:
Fedhas
Hepliaklqana
Kikubaaqudgha
Makhleb
Nemelex Xobeh
Ru
Xom
Zin

Shops:
D:4 !*


Innate Abilities, Weirdness & Mutations

You are partially covered in thin metallic scales. (AC +2)
Your flesh is heat resistant. (rF+)
When hurt, damage is shared between your health and your magic reserves.
You are immune to clouds of flame.


Message History

Unknown command.
You hit the orc warrior but do no damage.
The orc warrior is severely wounded.
You block the orc warrior's attack.
You hit the orc warrior but do no damage.
The orc warrior is severely wounded.
You block the orc warrior's attack.
Unknown command.
You hit the orc warrior.
The orc warrior is almost dead.
Unknown command.
You hit the orc warrior but do no damage.
The orc warrior is almost dead.
The orc warrior hits you with a +0 battleaxe!!
* * * LOW HITPOINT WARNING * * *
Unknown command.
You closely miss the orc warrior.
The orc warrior is almost dead.
The orc warrior hits you with a +0 battleaxe!
You die...

'.....#.......#..........#
##....##.....#######.....###
##.....##...##.#####.......#
#......##.###.....##'#....#
###...#...........##.#....######
#...#####.......##.#....##....
##### #.......##.#....##'###
#...o.####.#.......... #....@(#
#'#..........
#....#(##...o.........
#....#.(#......##...##
#......(#...o..##...#
####....#o.....###'##
#....#......# #.# #....#......#
#.# #....(......# #.#
#...#.......###'###


You could see an orc warrior.

Vanquished Creatures
  A water moccasin (D:4)
  2 phantoms
  An ogre (D:4)
  2 centaurs
  A scorpion (D:4)
  3 crimson imps
  A centaur skeleton (D:6)
  A centaur zombie (D:6)
  4 jellies
  3 orc wizards
  Crazy Yiuf (D:3)
  2 hounds
  Jessica (D:3)
  3 worker ants
  A hound skeleton (D:6)
  Robin (D:3)
  11 gnolls
  7 adders
  A shadow imp (D:6)
  2 adder skeletons (D:5)
  4 worms
  A dart slug (D:5)
  20 orcs
  A ball python (D:4)
  3 giant cockroaches
  14 goblins
  6 hobgoblins
  11 jackals
  A quokka (D:4)
  7 bats
  6 frilled lizards
  A jackal skeleton (D:4)
  4 kobolds
  A quokka skeleton (D:4)
  5 rats
134 creatures vanquished.

Notes
Turn   | Place    | Note
-------+----------+-------------------------------------------
     0 | D:1      | Peloso the Demonspawn Fighter began the quest for the Orb.
     0 | D:1      | Reached XP level 1. HP: 18/18 MP: 1/1
   245 | D:1      | Found a sparkling altar of Nemelex Xobeh.
   331 | D:1      | Gained mutation: Your flesh is heat resistant. (rF+)
                  | [demonic ancestry]
   331 | D:1      | Reached XP level 2. HP: 24/24 MP: 2/2
   554 | D:2      | Found a hazy altar of Hepliaklqana.
   770 | D:2      | Reached skill level 2 in Long Blades
   787 | D:2      | Reached XP level 3. HP: 5/29 MP: 3/3
  1175 | D:2      | Reached XP level 4. HP: 27/35 MP: 4/4
  1972 | D:3      | Found a runed translucent door.
  2149 | D:3      | Reached skill level 3 in Long Blades
  2197 | D:3      | Reached skill level 1 in Dodging
  2227 | D:3      | Noticed Jessica
  2233 | D:3      | Killed Jessica
  2233 | D:3      | Reached XP level 5. HP: 26/41 MP: 5/5
  2471 | D:3      | Found an ancient bone altar of Kikubaaqudgha.
  2481 | D:3      | Noticed Robin
  2521 | D:3      | Killed Robin
  2978 | D:3      | Noticed Crazy Yiuf
  2987 | D:3      | Killed Crazy Yiuf
  2987 | D:3      | Reached skill level 4 in Long Blades
  3089 | D:4      | Noticed an ogre
  3096 | D:4      | Killed an ogre
  3096 | D:4      | Gained mutation: You are immune to clouds of flame.
                  | [demonic ancestry]
  3096 | D:4      | Reached XP level 6. HP: 40/47 MP: 3/6
  3223 | D:4      | Found Cabrec's Serpentskin Sales.
  3223 | D:4      | Noticed a water moccasin
  3241 | D:4      | Killed a water moccasin
  3241 | D:4      | Reached skill level 5 in Long Blades
  3241 | D:4      | Gained mutation: When hurt, damage is shared between your
                  | health and your magic reserves. [demonic ancestry]
  3241 | D:4      | Reached XP level 7. HP: 35/54 MP: 7/7
  3287 | D:4      | Found a glowing silver altar of Zin.
  3287 | D:4      | Found a burning altar of Makhleb.
  3288 | D:4      | Noticed a cacodemon
  3288 | D:4      | Noticed an angel
  3325 | D:4      | Found Kirpha's Distillery.
  3381 | D:4      | Bought a potion of might for 56 gold pieces
  3745 | D:5      | Entered Level 5 of the Dungeon
  3792 | D:5      | Found a sacrificial altar of Ru.
  4065 | D:5      | Found a blossoming altar of Fedhas.
  4248 | D:5      | Gained mutation: You are partially covered in thin metallic
                  | scales. (AC +2) [demonic ancestry]
  4248 | D:5      | Reached XP level 8. HP: 60/61 MP: 8/8
  4379 | D:5      | Reached skill level 6 in Long Blades
  4680 | D:6      | Found a shimmering altar of Xom.
  4703 | D:6      | Reached skill level 5 in Fighting
  4721 | D:6      | Reached skill level 5 in Shields
  5128 | D:6      | Mangled by an orc warrior

Levels and vault maps discovered:
D:1:      dpeg_arrival_renting, layout_basic, chequers_decorated_corner,
          nemelex_altar_shiori
D:2:      layout_basic, old_standard_altar, first_ration
D:3:      layout_loops_ring, lemuel_crystal_altar, serial_bayou_pond_a,
          uniq_robin, uniq_jessica, uniq_crazy_yiuf_cottage
D:4:      layout_rooms, grunt_temple_overflow_order_and_chaos_2, serial_shops,
          shop, guppyfry_shop_venom
D:5:      layout_basic, kennysheep_little_box, hangedman_ru_absence
D:6:      layout_basic, lemuel_round_altar

Skill      XL: |  1  2  3  4  5  6  7  8 |
---------------+-------------------------+-----
Armour         | 3 4 |  4.2
Long Blades    | 2 3 4 5 6 |  6.4
Shields        | 3 4 5 |  5.2
Dodging        | 1 2 |  2.3
Fighting       | 4 5 |  5.1
Stealth        | |  0.2

Action                   |  1- 3 |  4- 6 |  7- 9 || total
-------------------------+-------+-------+-------++-------
Melee: Long sword        |    88 |   218 |   312 ||   618
Evoke: Wand              |       |       |     1 ||     1
  Use: Potion            |     3 |     1 |     3 ||     7
       Scroll            |       |       |     6 ||     6
  Eat: Chunk             |       |     8 |     5 ||    13
Armor: Scale mail        |    37 |    91 |    80 ||   208
       Chain mail        |       |       |    17 ||    17
Dodge: Dodged            |    34 |    61 |    86 ||   181
Block: Shield            |    36 |   143 |   244 ||   423
       Reflection        |       |     1 |     2 ||     3
       Rpst.: Long sword |     9 |    18 |    25 ||    52
